 Dungeon Crawl Stone Soup version 0.18-a0-1649-g8d9735b (webtiles) character file.

30 corax the Twirler (level 3, -1/25 HPs)
             Began as an Octopode Gladiator on Mar 29, 2016.
             Slain by Sigmund
             ... wielding a cursed -3 scythe
              (5 damage)
             ... on level 2 of the Dungeon.
             The game lasted 00:02:35 (1078 turns).

corax the Twirler (Octopode Gladiator)              Turns: 1078, Time: 00:02:35

Health: -1/25      AC:  1    Str: 14    XL:     3   Next: 20%
Magic:  3/3        EV: 13    Int: 10    God:
Gold:   76         SH:  0    Dex: 13    Spells: 0 memorised, 2 levels left

rFire  . . .     SeeInvis .     a - +0 quarterstaff
rCold  . . .     Gourm    .     (shield currently unavailable)
rNeg   . . .     Faith    .     b - +0 hat
rPois  .         Spirit   .     (no amulet)
rElec  .         Dismiss  .     (no ring)
rCorr  .         Reflect  .     (no ring)
SustAt .         Harm     .     (no ring)
MR     .....                    (no ring)
Stlth  +++.......               (no ring)
                                (no ring)
                                (no ring)
                                (no ring)

@: not resistant to hostile enchantments, fairly stealthy
A: almost no armour, amphibious, 8 rings, constrict 8, camouflage 1, gelatinous
body 1
a: no special abilities


You were on level 2 of the Dungeon.
You were hungry.

You visited 1 branch of the dungeon, and saw 3 of its levels.

You collected 76 gold pieces.

Inventory:

Hand Weapons
 a - a +0 quarterstaff (weapon)
Armour
 b - a +0 hat (worn)
Scrolls
 e - a scroll of teleportation {unknown}
 f - a scroll of immolation {unknown}
 g - 5 scrolls of identify {unknown}
Potions
 c - a potion of brilliance {unknown}
 h - a potion of agility {unknown}
 i - a potion of magic {unknown}
 j - 2 potions of invisibility {unknown}
 k - a potion of berserk rage {unknown}
 l - a potion of cure mutation {unknown}
 m - a potion of curing {unknown}
Comestibles
 d - 2 bread rations


   Skills:
 + Level 2.6 Fighting
 + Level 3.3 Staves
 - Level 2.0 Throwing
 + Level 3.2 Dodging
 + Level 1.7 Stealth


You had 2 spell levels left.
You didn't know any spells.

Dungeon Overview and Level Annotations

Branches:
Dungeon (3/15)

Altars:

Annotations:
D:2 Sigmund


Innate Abilities, Weirdness & Mutations

You cannot wear most types of armour.
You are amphibious.
You can wear up to eight rings at the same time.
You can use your tentacles to constrict eight enemies at once.
Your skin changes colour to match your surroundings (Stealth).
Your rubbery body absorbs attacks (AC +1).


Message History

You are feeling hungry.
Sigmund casts a spell at you. The magic dart hits you!
You bump into the rock wall.
Sigmund barely misses you.
You bump into the rock wall.
You miss Sigmund. Your squeeze misses Sigmund.
Sigmund is moderately wounded.
Sigmund barely misses you.
You closely miss Sigmund.
Sigmund is moderately wounded.
Sigmund mumbles some strange words.
Sigmund flickers and vanishes!
Deactivating autopickup; reactivate with Ctrl-A.
You sock something! Something hits you.
You bump into the rock wall.
Something hits you!
* * * LOW HITPOINT WARNING * * *
You feel less confused. Something barely misses you.
You miss something. Something hits you.
You die...

#.#.###.....#
#.#.........#
#.#...#..>..#
#.#.........#
#......######
#......###
###............
#########..............
#.....{@.....#.#######.
#.#######.##.#.#
#.##.#.# ########.
#[##.#.# #<.......
#.##.#.# %...#######
#.##.# ....# #.# .#
###.# #.# #.#


There were no monsters in sight!

Vanquished Creatures
  An ooze (D:1)
  2 ball pythons (D:1)
  4 bats
  3 goblins (D:1)
  3 hobgoblins (D:1)
  2 jackals (D:1)
  4 giant newts (D:1)
  4 kobolds (D:1)
  3 rats (D:1)
26 creatures vanquished.

Notes
Turn   | Place    | Note
--------------------------------------------------------------
     0 | D:1      | corax the Octopode Gladiator began the quest for the Orb.
     0 | D:1      | Reached XP level 1. HP: 14/14 MP: 1/1
   225 | D:1      | Reached XP level 2. HP: 9/19 MP: 2/2
   304 | D:1      | Reached skill level 1 in Stealth
   612 | D:1      | Reached XP level 3. HP: 16/25 MP: 3/3
  1058 | D:2      | Noticed Sigmund
  1078 | D:2      | Slain by Sigmund

Vault maps used:
D:1:      saegor_arrival_simple_c, minmay_misc_feat_more_columns
D:2:      first_bread, minmay_shallow_snake_nest, uniq_sigmund

Skill      XL: |  1  2 |
---------------+-------+-----
Stealth        | 1 |  1.7
Fighting       | |  2.6
Staves         | |  3.3
Throwing       | |  2.0
Dodging        | |  3.2

Action                   || total
-------------------------++-------
Melee: Quarterstaff      ||    59
 Stab: Sleeping          ||     3
